 Dungeon Crawl Stone Soup version 0.28.0 (console) character file.

Game seed: 12646894722035161648

2770 Colgate the Grappler (level 9, 0/111 HPs)
             Began as a Gnoll Cinder Acolyte on Feb 5, 2022.
             Was a High Priest of Ignis.
             Slain by a centaur warrior (2 damage)
             ... on level 8 of the Dungeon.
             The game lasted 00:54:02 (13596 turns).

Colgate the Grappler (Gnoll Cinder Acolyte)        Turns: 13596, Time: 00:54:03

Health: 0/111      AC:  9    Str: 16    XL:     9   Next: 69%
Magic:  17/17      EV: 10    Int: 15    God:    Ignis [*****.]
Gold:   472        SH:  4    Dex:  8    Spells: 16/18 levels left

rFire   + + .      SeeInvis .     - Unarmed
rCold   x . .      Faith    .   y - +0 buckler
rNeg    . . .      Spirit   .   d - +1 scale mail
rPois   .          Reflect  .   v - +0 hat
rElec   .          Harm     .   (no cloak)
rCorr   .          Rampage  .   (no gloves)
Will    +....                   w - +0 pair of boots
Stlth   ..........              (no amulet)
HPRegen 0.28/turn               i - ring of fire
MPRegen 0.15/turn               o - ring of willpower

@: berserking, very quick
A: fangs 1, strong nose, distributed training
a: Renounce Religion, Fiery Armour, Foxfire Swarm, Rising Flame


You were on level 8 of the Dungeon.
You worshipped Ignis.
Ignis was extremely pleased with you.
You visited 1 branch of the dungeon, and saw 8 of its levels.
You also visited: Sewer.

You collected 472 gold pieces.

Inventory:

Missiles
 j - 430 stones
 m - 2 throwing nets
 s - 7 javelins
 t - 25 poisoned darts
Armour
 a - a +0 robe
 d - a +1 scale mail (worn)
 h - a +0 leather armour
 v - a +0 hat (worn)
 w - a +0 pair of boots (worn)
 x - a +0 ring mail
 y - a +0 buckler (worn)
Magical Staves
 C - a staff of conjuration
Jewellery
 i - a ring of fire (left hand)
 o - a ring of willpower (right hand)
Wands
 n - a wand of iceblast (9)
 q - a wand of charming (8)
 z - a wand of mindburst (21)
 D - a wand of flame (9)
Scrolls
 c - 3 scrolls of teleportation
 k - a scroll of immolation
 l - 3 scrolls of blinking
 p - a scroll of summoning {unknown}
 u - a scroll of holy word
 A - 2 scrolls of amnesia
Potions
 b - 4 potions of flight
 e - a potion of mutation
 f - a potion of brilliance
 g - 2 potions of curing
 r - 2 potions of berserk rage
 B - a potion of lignification {unknown}


   Skills:
 + Level 8.0 Fighting
 + Level 4.5 Short Blades
 + Level 4.5 Long Blades
 + Level 4.5 Axes
 + Level 4.5 Maces & Flails
 + Level 4.5 Polearms
 + Level 4.5 Staves
 + Level 4.5 Slings
 + Level 4.5 Bows
 + Level 4.5 Crossbows
 + Level 4.5 Throwing
 + Level 4.5 Armour
 + Level 4.5 Dodging
 + Level 4.5 Stealth
 + Level 4.5 Shields
 + Level 8.0 Unarmed Combat
 + Level 5.4 Spellcasting
 + Level 3.7 Conjurations
 + Level 3.7 Hexes
 + Level 3.7 Summonings
 + Level 3.7 Necromancy
 + Level 3.7 Translocations
 + Level 3.7 Transmutations
 + Level 6.7 Fire Magic
 + Level 3.7 Ice Magic
 + Level 3.7 Air Magic
 + Level 3.7 Earth Magic
 + Level 3.7 Poison Magic
 + Level 5.0 Invocations
 + Level 4.5 Evocations


You had 16 spell levels left.
You knew the following spells:

 Your Spells              Type           Power      Damage    Failure   Level
a - Scorch                Fire           72%        2d8       7%          2

Your spell library contained the following spells:

 Spells                   Type           Power      Damage    Failure   Level
 Animate Armour           Summ/Erth      30%        N/A       83%         4
 Fulminant Prism          Conj/Hex       7%         3d7       83%         4
 Iskenderun's Mystic Bla  Conj/Tloc      15%        2d5       83%         4
 Blade Hands              Tmut           7%         N/A       99%         5
 Lee's Rapid Deconstruct  Erth           7%         3d8*      99%         5
 Iron Shot                Conj/Erth      7%         9d2       100%        6


Dungeon Overview and Level Annotations

Branches:
Dungeon (8/15)             Temple (0/1) D:5           Sewer (visited)
   Lair: D:8-11

Altars:
Nemelex Xobeh
Vehumet

Shops:
D:1 =   D:6 [?*   D:7 *

Annotations:
D:8 exclusion: centaur warrior


Innate Abilities, Weirdness & Mutations

You have very sharp teeth.
Your uncanny sense of smell can sniff out nearby items.
Your experience applies equally to all skills.


Message History

Reduced exclusion size to a single square.
Found a scroll labelled YSEORI UTSIMUF.
Okay, then.
Unknown command.
Okay, then.
Unknown command.
Okay, then.
Unknown command.
Okay, then.
Unknown command.
The centaur warrior shoots an arrow.
The arrow hits you.
The centaur warrior shoots an arrow.
The arrow hits you!!
Found a dagger.
The centaur warrior shoots an arrow.
The arrow barely misses you.
The centaur warrior shoots an arrow.
The arrow hits you!!
* * * LOW HITPOINT WARNING * * *
The centaur warrior shoots an arrow.
The arrow hits you.
* * * LOW HITPOINT WARNING * * *
The centaur warrior unwields a +0 longbow.
The centaur warrior hits you but does no damage.
The centaur warrior kicks you but does no damage.
Okay, then.
A red film seems to cover your vision as you go berserk!
You feel yourself moving faster!
You feel mighty!
The centaur warrior hits you but does no damage.
The centaur warrior kicks you but does no damage.
The centaur warrior hits you but does no damage.
The centaur warrior kicks you but does no damage.
You barely miss the centaur warrior. You punch the centaur warrior!
The centaur warrior is moderately wounded.
You block the centaur warrior's attack. The centaur warrior kicks you.
* * * LOW HITPOINT WARNING * * *
You punch the centaur warrior!
The centaur warrior is heavily wounded.
You block the centaur warrior's attack. The centaur warrior kicks you.
* * * LOW HITPOINT WARNING * * *
You closely miss the centaur warrior.
The centaur warrior is heavily wounded.
The centaur warrior hits you but does no damage.
The centaur warrior kicks you.
You die...

### #. .... #)
#.... ##.. #.#
#..#.. #...
##.###....#
##...##.......?.
##..........c.#
...........@..#
..............#
........##...##
..........####
............#
..........####
.........##
#........#
#.......#
##......##
#.......#


You could see a centaur warrior.

Vanquished Creatures
  Pikel (D:7)
  2 water moccasins (D:6)
  2 ice beasts
  2 sky beasts
  3 necrophages
  A lemure (D:7)
  4 kobold brigands
  A bullfrog (D:7)
  3 scorpions
  A howler monkey (D:7)
  A bullfrog zombie (D:6)
  2 orc priests (D:6)
  2 hounds
  A gnoll shaman (D:5)
  A bullfrog skeleton (D:3)
  A centaur skeleton (D:4)
  3 orc wizards
  An iguana (D:6)
  21 gnolls
  12 adders
  5 river rats (Sewer)
  2 white imps (D:6)
  3 ufetubi
  2 worms
  3 dart slugs (D:2)
  10 orcs
  17 ball pythons
  6 endoplasms
  8 giant cockroaches
  3 goblins
  7 hobgoblins
  3 jackals (Sewer)
  43 kobolds
  7 quokkas
  22 bats
  4 frilled lizards
  3 rats (D:1)
213 creatures vanquished.

Notes
Turn   | Place    | Note
-------+----------+-------------------------------------------
     0 | D:1      | Colgate the Gnoll Cinder Acolyte began the quest for the
                  | Orb.
     0 | D:1      | Reached XP level 1. HP: 23/23 MP: 4/4
    36 | D:1      | Found Bara's Jewellery Boutique.
   299 | D:1      | Reached XP level 2. HP: 29/29 MP: 5/5
   366 | D:1      | Learned a level 2 spell: Scorch
   382 | D:1      | Found a faded altar of an unknown god.
   987 | D:1      | Reached XP level 3. HP: 35/35 MP: 4/7
  1696 | D:2      | Reached skill level 1 in Invocations
  1980 | D:2      | Reached skill level 1 in Short Blades
  1980 | D:2      | Reached skill level 1 in Long Blades
  1980 | D:2      | Reached skill level 1 in Axes
  1980 | D:2      | Reached skill level 1 in Maces & Flails
  1980 | D:2      | Reached skill level 1 in Polearms
  1980 | D:2      | Reached skill level 1 in Staves
  1980 | D:2      | Reached skill level 1 in Slings
  1980 | D:2      | Reached skill level 1 in Bows
  1980 | D:2      | Reached skill level 1 in Crossbows
  1980 | D:2      | Reached skill level 1 in Throwing
  1980 | D:2      | Reached skill level 1 in Armour
  1980 | D:2      | Reached skill level 1 in Dodging
  1980 | D:2      | Reached skill level 1 in Stealth
  1980 | D:2      | Reached skill level 1 in Shields
  1980 | D:2      | Reached skill level 1 in Evocations
  2091 | D:2      | Reached XP level 4. HP: 38/41 MP: 8/8
  3617 | D:3      | Reached skill level 1 in Conjurations
  3617 | D:3      | Reached skill level 1 in Hexes
  3617 | D:3      | Reached skill level 1 in Summonings
  3617 | D:3      | Reached skill level 1 in Necromancy
  3617 | D:3      | Reached skill level 1 in Translocations
  3617 | D:3      | Reached skill level 1 in Transmutations
  3617 | D:3      | Reached skill level 1 in Ice Magic
  3617 | D:3      | Reached skill level 1 in Air Magic
  3617 | D:3      | Reached skill level 1 in Earth Magic
  3617 | D:3      | Reached skill level 1 in Poison Magic
  3703 | D:3      | Reached XP level 5. HP: 41/47 MP: 9/9
  3815 | D:3      | Found a sparkling altar of Nemelex Xobeh.
  4768 | D:4      | Identified the +2 short sword "Koupeull" {vorpal, Str+3}
  4893 | D:4      | Reached XP level 6. HP: 41/53 MP: 8/11
  5458 | D:4      | Found a radiant altar of Vehumet.
  5709 | D:5      | Entered Level 5 of the Dungeon
  5772 | D:5      | Noticed a sky beast
  5856 | D:5      | Killed a sky beast
  5857 | D:5      | Reached XP level 7. HP: 59/59 MP: 3/12
  6484 | D:5      | Found a staircase to the Ecumenical Temple.
  7748 | D:5      | Reached XP level 8. HP: 50/67 MP: 14/14
  8591 | D:5      | Found a staircase to the Ecumenical Temple.
  9490 | D:6      | Found Roetaklaps's Magic Scroll Emporium.
  9583 | D:6      | Found a glowing drain.
  9604 | Sewer    | Entered a sewer
 11091 | D:6      | Found Feiryfuf's Assorted Antiques.
 11244 | D:6      | Reached XP level 9. HP: 25/72 MP: 11/16
 12063 | D:6      | Found Zairgh's Armour Emporium.
 12497 | D:7      | Found Revett's Assorted Antiques.
 12858 | D:7      | Reached skill level 5 in Spellcasting
 12971 | D:7      | Noticed Pikel
 12998 | D:7      | Killed Pikel
 13452 | D:8      | Reached skill level 5 in Invocations
 13584 | D:8      | Noticed a centaur warrior
 13594 | D:8      | HP: 5/111 [centaur warrior (3)]
 13595 | D:8      | HP: 1/111 [centaur warrior (4)]
 13596 | D:8      | Slain by a centaur warrior

Illustrated notes

Levels and vault maps discovered:
D:1:      lightli_arrival_maybe_door_vault, layout_basic,
          chequers_ecumenical_altar_simple_redux, serial_shops, shop,
          ebering_dispersal_statue_hall
D:2:      layout_loops_corners, solitary_fountain
D:3:      layout_loops_ring, nemelex_diamond_rough_becter
D:4:      layout_basic, fiery_altar_vehumet
D:5:      minmay_goblin_kobold_castle, layout_cave_pools,
          minmay_temple_entry_glass, serial_column_ruins,
          column_ruins_square_small, column_ruins_hut, column_ruins_open_small,
          column_ruins_grid_1, column_ruins_open_tiny, column_ruins_grid_1,
          column_ruins_open_tiny
D:6:      layout_basic, cheibrodos_sewer_entry_sluice, serial_shops,
          nicolae_take_the_stairs, kennysheep_little_box, shop
D:7:      layout_loops_cross, serial_shops, shop_statue, uniq_pikel
D:8:      layout_layer_cave, mainiacjoe_overflow_two_lobes, chequers_jeans,
          minivault_25, grunt_ministairs_12, uniq_prince_ribbit1

Skill      XL: |  1  2  3  4  5  6  7  8  9 |
---------------+----------------------------+-----
Invocations    | 1 2 3 4 5 |  5.0
Short Blades   | 1 2 3 4 |  4.5
Long Blades    | 1 2 3 4 |  4.5
Axes           | 1 2 3 4 |  4.5
Maces & Flails | 1 2 3 4 |  4.5
Polearms       | 1 2 3 4 |  4.5
Staves         | 1 2 3 4 |  4.5
Slings         | 1 2 3 4 |  4.5
Bows           | 1 2 3 4 |  4.5
Crossbows      | 1 2 3 4 |  4.5
Throwing       | 1 2 3 4 |  4.5
Armour         | 1 2 3 4 |  4.5
Dodging        | 1 2 3 4 |  4.5
Stealth        | 1 2 3 4 |  4.5
Shields        | 1 2 3 4 |  4.5
Evocations     | 1 2 3 4 |  4.5
Spellcasting   | 3 4 5 |  5.4
Conjurations   | 1 2 3 |  3.7
Hexes          | 1 2 3 |  3.7
Summonings     | 1 2 3 |  3.7
Necromancy     | 1 2 3 |  3.7
Translocations | 1 2 3 |  3.7
Transmutations | 1 2 3 |  3.7
Ice Magic      | 1 2 3 |  3.7
Air Magic      | 1 2 3 |  3.7
Earth Magic    | 1 2 3 |  3.7
Poison Magic   | 1 2 3 |  3.7
Fighting       | 7 8 |  8.0
Unarmed Combat | 7 8 |  8.0
Fire Magic     | 6 |  6.7

Action                   |  1- 3 |  4- 6 |  7- 9 || total
-------------------------+-------+-------+-------++-------
Melee: Unarmed           |    51 |   117 |   421 ||   589
       Bite              |     2 |    18 |    39 ||    59
       Punch             |     2 |     2 |    16 ||    20
Throw: Stone             |     4 |     1 |       ||     5
       Javelin           |       |     8 |    26 ||    34
       Dart              |       |       |     7 ||     7
 Cast: Scorch            |    22 |    24 |    55 ||   101
Invok: Fiery Armour      |       |       |     1 ||     1
  Use: Scroll            |       |     4 |     8 ||    12
       Potion            |       |       |     4 ||     4
Armor: Robe              |     8 |       |       ||     8
       Scale mail        |     7 |    43 |   215 ||   265
Dodge: Dodged            |    22 |    48 |   254 ||   324
Block: Buckler           |       |       |     3 ||     3
